Map: Deathaura LE

Players

maru

  • Race: Terran Terran
  • Spawn Location: 11:00

LiquidClem (Clem) - Winner!

  • Race: Terran Terran
  • Spawn Location: 5:00

Event: DreamHack SC2 Masters 2020 Winter

VOD

Have the link to the VOD?

Description

Time

  • Played on: Nov. 10, 2020, 11:40 a.m.
  • Length: 8:39

All games in this series

Show
View Real Time Build Order
Export as new Build Order

maru Terran 

Build Orders:  

Get SALT Encoding   

  12  0:00  SCV  
  13  0:12  SCV  
  14  0:17  Supply Depot  
  14  0:25  SCV  
  15  0:38  SCV  
  15  0:40  Barracks  
  16  0:43  Refinery  
  16  0:50  SCV  
  17  1:00  Barracks  
  17  1:03  SCV  
  18  1:15  SCV  
  19  1:27  Orbital Command, Reaper  
  19  1:31  Supply Depot  
  20  1:49  Reaper  
  20  1:53  SCV  
  22  2:04  Reaper  
  22  2:05  SCV  
  24  2:11  Bunker  
  24  2:17  SCV  
  25  2:29  SCV  
  24  2:30  Marine  
  24  2:35  Marine  
  26  2:41  SCV  
  25  2:48  Marine  
  25  2:50  Factory  
  26  2:53  Marine, SCV  
  26  2:57  Command Center  
  27  3:03  Refinery  
  27  3:04  Supply Depot  
  27  3:08  SCV  
  28  3:20  SCV  
  29  3:30  Barracks Tech Lab, Barracks Reactor  
  29  3:33  SCV  
  30  3:37  Factory Tech Lab  
  29  3:45  SCV  
  30  3:52  Command Center  
  30  3:56  Cyclone  
  30  3:57  SCV  
  30  3:59  Marine  
  35  4:04  Starport  
  35  4:09  Marine x2  
  36  4:19  Marine  
  36  4:21  SCV x2  
  38  4:26  Marine  
  33  4:33  SCV, Cyclone  
  33  4:35  SCV  
  33  4:40  Marine  
  32  4:47  SCV  
  32  4:50  Orbital Command  
  33  4:59  SCV  
  32  5:11  SCV, Orbital Command  
  33  5:16  SCV  
  33  5:18  Factory Tech Lab  
  34  5:23  SCV  
  34  5:28  SCV  
  36  5:35  SCV  
  37  5:37  Raven  
  37  5:39  Siege Tank  
  37  5:40  Marine x3, SCV  
  46  5:46  SCV, Refinery  
  46  5:49  SCV  
  48  5:52  SCV  
  48  5:54  Stimpack  
  49  5:58  SCV  
  49  6:02  SCV  
  49  6:04  Engineering Bay x2  
  51  6:08  SCV  
  51  6:10  SCV  
  53  6:15  Siege Tank  
  53  6:18  Marine  
  57  6:20  SCV  
  57  6:21  SCV  
  57  6:23  Viking  
  61  6:26  SCV  
  61  6:30  Marine x2  
  64  6:33  SCV  
  64  6:34  Supply Depot  
  64  6:39  SCV  
  66  6:41  SCV  
  66  6:45  SCV  
  68  6:50  Supply Depot  
  68  6:55  Siege Tank  
  68  6:58  SCV  
  72  7:01  Marine  
  72  7:02  Marine x2  
  72  7:07  SCV x2  
  77  7:16  Supply Depot  
  77  7:19  Marine x2  
  77  7:20  SCV, Marauder  
  82  7:25  SCV x2  
  84  7:37  Marine x2  
  84  7:41  Marine  
  87  7:55  Marine  
  88  7:59  SCV, Marauder  
  88  8:00  Marine  
  92  8:08  SCV  
  92  8:11  Supply Depot  
  93  8:18  Supply Depot  
Show
View Real Time Build Order
Export as new Build Order

LiquidClem Terran - Winner!

Build Orders:  

Get SALT Encoding   

  12  0:00  SCV  
  13  0:12  SCV  
  14  0:17  Supply Depot  
  14  0:24  SCV  
  15  0:39  SCV  
  16  0:44  Barracks  
  16  0:46  Refinery  
  16  0:51  SCV  
  17  0:58  Refinery  
  17  1:03  SCV  
  18  1:15  SCV  
  19  1:31  Orbital Command  
  19  1:32  Barracks Tech Lab  
  19  1:38  Supply Depot  
  19  1:43  Factory  
  19  1:50  Marauder  
  21  1:56  Concussive Shells  
  21  1:59  SCV  
  22  2:11  SCV  
  22  2:12  Marauder  
  25  2:23  SCV  
  27  2:30  Hellion  
  27  2:35  Starport, Marauder  
  29  2:45  SCV  
  30  2:53  Factory Tech Lab  
  30  2:55  Hellion  
  28  2:59  SCV  
  29  3:12  Supply Depot, Medivac  
  31  3:19  Command Center  
  31  3:34  SCV, Marauder, Hellion  
  36  3:41  Supply Depot  
  36  3:44  Starport Tech Lab  
  36  3:46  SCV  
  37  3:58  SCV, Factory Tech Lab  
  38  4:02  Raven  
  38  4:08  Refinery  
  40  4:10  SCV  
  41  4:19  Cyclone  
  41  4:22  SCV  
  45  4:34  SCV  
  44  4:43  SCV  
  43  4:47  Command Center, Banshee  
  43  4:48  Orbital Command  
  46  4:55  Siege Tank  
  46  4:57  SCV  
  50  5:09  SCV  
  51  5:15  SCV  
  51  5:19  Supply Depot  
  52  5:21  SCV  
  52  5:22  Barracks  
  52  5:27  SCV  
  52  5:30  Siege Tank  
  52  5:31  Viking  
  52  5:32  Barracks Reactor  
  52  5:34  SCV  
  54  5:40  SCV  
  55  5:43  Barracks  
  55  5:46  SCV  
  55  5:49  Refinery  
  56  5:53  Supply Depot  
  56  5:55  SCV  
  57  5:58  SCV  
  57  6:01  Raven  
  60  6:06  Siege Tank  
  60  6:09  Marine x3  
  60  6:10  SCV  
  67  6:16  Supply Depot  
  67  6:18  SCV x2  
  69  6:27  Marine x3  
  69  6:30  Marine  
  74  6:36  Orbital Command, Engineering Bay  
  74  6:39  SCV, Engineering Bay  
  74  6:44  Siege Tank, Marine  
  74  6:46  Marine  
  79  6:50  Barracks Reactor  
  79  6:52  SCV x2  
  81  6:54  Orbital Command  
  81  6:57  Starport Reactor  
  81  6:59  Marine  
  81  7:01  Supply Depot  
  82  7:02  Marine  
  82  7:05  SCV  
  82  7:06  Marine  
  85  7:17  Marine  
  85  7:18  Supply Depot  
  85  7:20  Marine  
  87  7:23  Siege Tank  
  87  7:24  Marine  
  87  7:28  Marine  
  92  7:31  Marine  
  92  7:32  SCV  
  92  7:34  Marine  
  95  7:42  Marine x2  
  95  7:44  Medivac x2  
  99  7:46  Marine  
  99  7:47  Supply Depot  
  99  7:49  Marine, SCV  
  99  7:50  SCV  
  99  7:51  SCV  
  106  7:59  Siege Tank  
  106  8:00  Supply Depot, Marine x2  
  106  8:03  Marine  
  106  8:05  SCV  
  113  8:06  Marine x2  
  115  8:14  Barracks x2  
  117  8:21  Supply Depot  
Tags
 
Add a new tag
Caveats
  • Supply blocks, unpowered buildings, or Contaminate may cause inaccurate times.
  • Supply counts are checked every 10 seconds.